 Dungeon Crawl Stone Soup version 0.21-a0-122-g43b3ea6 (webtiles) character file.

50256 Chiseanne the Thaumaturge (level 14, 0/110 HPs)
             Began as a Gnoll Wanderer on July 13, 2017.
             Was an Initiate of Gozag.
             Slain by a fire giant
             ... wielding a +0 great sword of flaming
              (23 damage)
             ... on level 15 of the Dungeon.
             The game lasted 01:30:24 (24213 turns).

Chiseanne the Thaumaturge (Gnoll Wanderer)         Turns: 24213, Time: 01:30:24

Health: 0/110      AC: 26    Str: 11    XL:     14   Next: 54%
Magic:  28/28      EV: 13    Int: 26    God:    Gozag
Gold:   1803       SH:  0    Dex: 14    Spells: 16/33 levels left

rFire    . . .     SeeInvis .   w - +11 longbow of the Moon {flame, MR+ Str+3 Int+5}
rCold    . . .     Gourm    .   (shield currently unavailable)
rNeg     + . .     Faith    .   Z - +4 scale mail of an ossuary {rPois Regen+ Int-4 Slay+5}
rPois    +         Spirit   .   l - +2 helmet
rElec    .         Reflect  .   Y - +2 cloak {+Inv}
rCorr    .         Harm     .   D - +2 pair of gloves
MR       +....                  F - +2 pair of boots of Atheism {Str-5 Int+6}
Stlth    ..........             (no amulet)
HPRegen  0.68/turn              C - +4 ring of intelligence
MPRegen  0.21/turn              o - ring of positive energy

@: no status effects
A: short attention span, fangs 1, strong nose
a: Potion Petition, Call Merchant, Bribe Branch, Renounce Religion, Evoke
Invisibility


You were on level 15 of the Dungeon.
You worshipped Gozag.
Gozag was most pleased with you.
You were not hungry.

You visited 3 branches of the dungeon, and saw 18 of its levels.

You collected 6685 gold pieces.
You spent 3419 gold pieces at shops.
You paid 1463 gold pieces to Gozag.

Inventory:

Hand Weapons
 a - a +9 quarterstaff of protection
 s - a +5 battleaxe of freezing
 w - the +11 longbow of the Moon (weapon) {flame, MR+ Str+3 Int+5}
   (You bought it in a shop on level 8 of the Dungeon)

   It causes projectiles fired from it to burn those they strike, causing extra
   injury to most foes and up to half again as much damage against particularly
   susceptible opponents.
   It affects your strength (+3).
   It affects your intelligence (+5).
   It affects your resistance to hostile enchantments.
 G - a +5 blowgun
Missiles
 j - 474 arrows (quivered)
 r - 119 bolts
 v - 4 curare-tipped needles
 M - 118 sling bullets
 Q - a throwing net
Armour
 l - a +2 helmet (worn)
 D - a +2 pair of gloves (worn)
 F - the +2 pair of boots of Atheism (worn) {Str-5 Int+6}
   (You bought it in a shop on level 2 of the Orcish Mines)

   It affects your strength (-5).
   It affects your intelligence (+6).
 Y - a +2 cloak of invisibility (worn)
 Z - the +4 scale mail of an ossuary (worn) {rPois Regen+ Int-4 Slay+5}
   (You bought it in a shop on level 12 of the Dungeon)

   It affects your intelligence (-4).
   It affects your accuracy and damage with ranged weapons and melee attacks
   (+5).
   It protects you from poison.
   It increases your rate of regeneration.
Jewellery
 h - an uncursed ring of ice
 o - a ring of positive energy (right hand)
 C - a +4 ring of intelligence (left hand)
Wands
 d - a wand of iceblast (5/15)
 u - a wand of digging (19/24)
 O - a wand of lightning (8/15)
 W - a wand of digging (8/24)
Scrolls
 i - 2 scrolls of fear
 m - 4 scrolls of blinking
 p - 10 scrolls of identify
 q - a scroll of magic mapping
 A - 3 scrolls of amnesia
 J - a scroll of immolation
 N - 2 scrolls of teleportation
 T - a scroll of recharging
 V - a scroll of remove curse
 X - a scroll of fog
Potions
 e - 2 potions of might
 g - a potion of mutation
 n - a potion of haste
 t - a potion of cancellation
 x - 2 potions of ambrosia
 z - 4 potions of curing
 B - 3 potions of flight
 I - 2 potions of magic
 K - 2 potions of agility
 L - a potion of brilliance
 R - a potion of berserk rage
 S - 4 potions of heal wounds
Books
 c - a book of Minor Magic

   Spells                             Type                      Level
   a - Magic Dart                     Conjuration                  1
   b - Blink                          Translocation                2
   c - Call Imp                       Summoning                    2
   d - Slow                           Hexes                        2
   e - Conjure Flame                  Conjuration/Fire             3
   f - Mephitic Cloud                 Conjuration/Poison/Air       3
 k - a book of Air

   Spells                             Type                      Level
   a - Shock                          Conjuration/Air              1
   b - Swiftness                      Charms/Air                   2
   c - Static Discharge               Conjuration/Air              3
   d - Airstrike                      Air                          4
   e - Lightning Bolt                 Conjuration/Air              5
 H - a book of Callings

   Spells                             Type                      Level
   a - Summon Small Mammal            Summoning                    1
   b - Call Imp                       Summoning                    2
   c - Call Canine Familiar           Summoning                    3
   d - Summon Guardian Golem          Hexes/Summoning              3
   e - Summon Lightning Spire         Summoning/Air                4
   f - Summon Ice Beast               Ice/Summoning                4
 P - a book of Frost

   Spells                             Type                      Level
   a - Freeze                         Ice                          1
   b - Throw Frost                    Conjuration/Ice              2
   c - Ozocubu's Armour               Charms/Ice                   3
   d - Throw Icicle                   Conjuration/Ice              4
   e - Summon Ice Beast               Ice/Summoning                4
 U - a book of Conjurations

   Spells                             Type                      Level
   a - Magic Dart                     Conjuration                  1
   b - Searing Ray                    Conjuration                  2
   c - Dazzling Spray                 Conjuration/Hexes            3
   d - Fulminant Prism                Conjuration/Hexes            4
   e - Force Lance                    Conjuration/Translocation    4
   f - Iskenderun's Mystic Blast      Conjuration                  4
Miscellaneous
 b - a sack of spiders
 y - 2 phantom mirrors
Comestibles
 f - 6 bread rations
 E - 9 meat rations


   Skills:
 * Level 10.1 Fighting
   Level 5.2(5.7) Short Blades
   Level 3.4(4.8) Long Blades
   Level 7.3(9.0) Polearms
 * Level 9.4(9.7) Staves
   Level 2.7(3.0) Slings
 * Level 9.3 Bows
 - Level 1.7(2.5) Throwing
 * Level 10.3 Armour
 * Level 9.1 Dodging
 - Level 3.0 Unarmed Combat
 * Level 10.4 Spellcasting
 - Level 5.4 Conjurations
 - Level 6.4 Summonings
 - Level 5.5 Translocations
 - Level 5.1 Fire Magic
 - Level 5.6 Air Magic
   Level 6.2 Earth Magic
 - Level 6.0 Poison Magic
 - Level 6.0 Evocations


You had 16 spell levels left.
You knew the following spells:

 Your Spells              Type           Power        Failure   Level  Hunger
a - Magic Dart            Conj           ####         1%          1    None
b - Blink                 Tloc           N/A          2%          2    None
c - Conjure Flame         Conj/Fire      #####...     6%          3    None
d - Mephitic Cloud        Conj/Pois/Air  #####...     4%          3    None
e - Summon Lightning Spi  Summ/Air       #####...     14%         4    None
f - Force Lance           Conj/Tloc      #####...     19%         4    None


Dungeon Overview and Level Annotations

Branches:
Dungeon (15/15)            Temple (1/1) D:7            Lair (0/6) D:10
    Orc (2/2) D:12            Elf (0/3) Orc:2        Vaults (0/5) D:13
 Depths: D:15

Altars:
Ashenzari
Cheibriados
Dithmenos
Elyvilon
Fedhas
Gozag
Hepliaklqana
Kikubaaqudgha
Makhleb
Nemelex Xobeh
Okawaru
Qazlal
Ru
Sif Muna
Trog
Uskayaw
Vehumet
Wu Jian
Xom
Yredelemnul
Zin
The Shining One
Beogh

Shops:
D:8 (   D:10 (   D:12 [   Orc:2 [[!}:

Annotations:
D:6 kroki's ghost, novice DsWn


Innate Abilities, Weirdness & Mutations

You have a short attention span.
You have very sharp teeth.
Your uncanny sense of smell can sniff out nearby items.


Message History

Press: ? - help, Shift-Dir - straight line, f/p - fire giant
Aim: a fire giant, wielding a great sword of flaming (severely wounded)
You shoot an arrow. The arrow hits the fire giant.
The fire giant is severely wounded.
The fire giant casts a spell at you.
The fireball explodes!
The fireball engulfs you!
* * * LOW HITPOINT WARNING * * *
The fireball engulfs the fire giant.
The fire giant resists.
The fire giant hits you with a great sword of flaming!
* * * LOW HITPOINT WARNING * * *
The fire giant burns you.
* * * LOW HITPOINT WARNING * * *
Firing (i - inventory. (,) - cycle):
j - 475 arrows (quivered)
Press: ? - help, Shift-Dir - straight line, f/p - fire giant
Aim: a fire giant, wielding a great sword of flaming (severely wounded)
You shoot an arrow. The arrow hits the fire giant!
The fire giant is almost dead.
The fire giant hits you with a great sword of flaming!!
You die...
Your body crumbles into a pile of gold.

#............# #..?....##.## ..#
#............## #.###...##.###.#
#..###........###..####..#..#..#
#..##......#...#....# ##......#
#..#......###.....).# ##.[...###
#....###.(###.....##.#
##........ ....#####((###).)##
.##....#..## ......###(.$().).#
#..........# ..#........(##..@#
##.###..)..## ...#####(.#####(C#
#.. ##.).... ...## ##.# ##(.#
#.. #...#.. #...## #..
.(.......# #).##)) ##...## #..
...... #...#..##). #....###).
.###(..# #....##.. ##........ .
.... ##....... #........§ §§
....# ##...... .........§
#..#####


You could see a fire giant.

Vanquished Creatures
  3 orc warlords
  A stone giant (D:12)
  The ghost of Asanbosam the Cleaver, a journeyman DDFi of Makhleb (Orc:2)
  2 ogre magi (Orc:2)
  2 hydras
  Erolcha (Orc:2)
  A death knight (D:13)
  A centaur warrior (D:15)
  6 two-headed ogres
  A tengu warrior (D:14)
  2 orc high priests
  Sonja (D:13)
  Nergalle (Orc:2)
  A deep elf archer (Orc:2)
  2 phantasmal warriors (D:13)
  6 orc knights
  2 deep elf magi (Orc:2)
  4 cyclopes
  8 orc sorcerers
  5 ugly things
  2 manticores
  Joseph (D:10)
  An eye of devastation (shapeshifter) (D:13)
  3 gargoyles
  5 centaur skeletons
  An efreet (D:13)
  3 yaktaurs (D:14)
  A freezing wraith (D:13)
  6 meliai
  8 trolls
  4 hippogriffs
  A meliai zombie (D:15)
  6 yaks (D:10)
  2 vampires
  A wraith (D:13)
  A golden eye (shapeshifter) (D:13)
  A wyvern (D:14)
  A hungry ghost (D:11)
  8 wargs
  An acid dragon (D:11)
  2 soldier ants (D:14)
  A water moccasin (shapeshifter) (D:13)
  27 orc warriors
  A black bear (D:6)
  3 ice beasts
  A hornet zombie (D:14)
  A sky beast (D:9)
  A necrophage (D:6)
  A wolf (shapeshifter) (D:14)
  15 ogres
  3 phantoms
  17 centaurs
  3 crocodiles
  11 bullfrogs
  3 jellies
  4 scorpions
  6 killer bees
  2 electric eels (D:8)
  18 wights
  A howler monkey (D:8)
  2 crimson imps (D:13)
  A centaur zombie (D:11)
  2 bullfrog zombies
  17 orc priests
  4 hounds
  38 orc wizards
  9 worker ants
  7 iguanas
  A killer bee zombie (D:6)
  A hound zombie (D:5)
  A hound skeleton (D:7)
  Robin (D:2)
  2 worker ant zombies
  13 gnolls
  12 adders
  4 shadow imps
  An ooze (D:4)
  6 dart slugs
  7 leopard geckos
  114 orcs
  2 ball pythons
  6 giant cockroaches
  21 goblins
  16 hobgoblins
  8 jackals
  12 kobolds
  7 quokkas
  5 bats
  4 frilled lizards
  A jackal skeleton (D:6)
  A quokka zombie (D:7)
  7 rats
562 creatures vanquished.

Vanquished Creatures (collateral kills)
  2 wargs (Orc:1)
2 creatures vanquished.

Grand Total: 564 creatures vanquished

Notes
Turn   | Place    | Note
-------+----------+-------------------------------------------
     0 | D:1      | Chiseanne the Gnoll Wanderer began the quest for the Orb.
     0 | D:1      | Chiseanne set off with: a book of Minor Magic, the Tome of Summoning, a +0 spear, a +0 robe, a bread ration
     0 | D:1      | Reached XP level 1. HP: 18/18 MP: 3/3
     0 | D:1      | Identified the Tome of Summoning
     3 | D:1      | Learned a level 1 spell: Magic Dart
   149 | D:1      | Reached XP level 2. HP: 10/24 MP: 5/5
   415 | D:1      | Reached skill level 1 in Conjurations
   616 | D:1      | Learned a level 2 spell: Blink
  1053 | D:2      | Reached XP level 3. HP: 27/30 MP: 7/7
  1215 | D:2      | Noticed Robin
  1235 | D:2      | Reached skill level 1 in Armour
  1266 | D:2      | Killed Robin
  1699 | D:2      | Reached XP level 4. HP: 19/37 MP: 8/8
  1877 | D:2      | Learned a level 3 spell: Conjure Flame
  1881 | D:2      | Learned a level 3 spell: Mephitic Cloud
  2725 | D:3      | Reached skill level 1 in Long Blades
  2760 | D:3      | Found a bloodstained altar of Trog.
  3099 | D:3      | Reached XP level 5. HP: 36/43 MP: 10/10
  3401 | D:3      | HP: 2/43 [wight/enchanted dire flail (13)]
  3934 | D:3      | Reached XP level 6. HP: 44/49 MP: 11/11
  4553 | D:4      | Reached skill level 5 in Fighting
  5107 | D:4      | Reached skill level 1 in Polearms
  5227 | D:4      | Found a stormy altar of Qazlal.
  5349 | D:4      | Reached XP level 7. HP: 43/57 MP: 13/13
  5445 | D:5      | Entered Level 5 of the Dungeon
  5970 | D:5      | Reached skill level 1 in Unarmed Combat
  5970 | D:5      | Reached skill level 5 in Conjurations
  6291 | D:5      | Reached skill level 5 in Armour
  6476 | D:5      | Found a sparkling altar of Nemelex Xobeh.
  6527 | D:6      | Reached skill level 5 in Spellcasting
  6566 | D:6      | Reached skill level 5 in Dodging
  6615 | D:6      | Noticed kroki's ghost (novice DsWn)
  6949 | D:5      | Reached skill level 1 in Fire Magic
  6958 | D:5      | Reached XP level 8. HP: 29/65 MP: 14/16
  8017 | D:6      | Found a hazy altar of Hepliaklqana.
  8106 | D:6      | Reached skill level 5 in Polearms
  8601 | D:6      | Found an iron altar of Okawaru.
  8607 | D:6      | Found a deep blue altar of Sif Muna.
  8607 | D:6      | Found a glowing silver altar of Zin.
  8607 | D:6      | Found a white marble altar of Elyvilon.
  8609 | D:6      | Found a blossoming altar of Fedhas.
  8620 | D:6      | Found a hide-covered altar of Uskayaw.
  8621 | D:6      | Found a burning altar of Makhleb.
  8803 | D:6      | Reached skill level 1 in Slings
  8803 | D:6      | Reached skill level 5 in Fire Magic
  8803 | D:6      | Reached XP level 9. HP: 66/71 MP: 17/19
  9174 | D:7      | Reached skill level 1 in Translocations
  9213 | D:6      | Reached skill level 1 in Short Blades
  9498 | D:7      | Found a radiant altar of Vehumet.
 10719 | D:7      | Found a staircase to the Ecumenical Temple.
 10732 | Temple   | Entered the Ecumenical Temple
 10830 | Temple   | Became a worshipper of Gozag Ym Sagoz the Greedy
 11083 | D:7      | Reached skill level 5 in Translocations
 11300 | D:7      | Reached skill level 5 in Short Blades
 11607 | D:8      | Found a hazy altar of Hepliaklqana.
 11642 | D:8      | Reached XP level 10. HP: 78/80 MP: 21/21
 11777 | D:8      | Reached skill level 1 in Air Magic
 11777 | D:8      | Reached skill level 1 in Poison Magic
 12134 | D:8      | Identified a scroll of acquirement
 13726 | D:9      | Found a basalt altar of Yredelemnul.
 13973 | D:10     | Entered Level 10 of the Dungeon
 13973 | D:10     | Found a staircase to the Lair.
 13973 | D:10     | Noticed Joseph
 14130 | D:10     | Noticed a brown ugly thing
 14133 | D:10     | Noticed a tengu warrior
 14133 | D:10     | Noticed a tengu warrior
 14489 | D:10     | Found Elasepsofu's Weapon Emporium.
 14519 | D:10     | Reached skill level 5 in Poison Magic
 14556 | D:10     | Reached skill level 5 in Air Magic
 14919 | D:8      | Bought the +11 longbow of the Moon {flame, MR+ Str+3 Int+5} for 1387 gold pieces
 15029 | D:10     | Reached XP level 11. HP: 80/86 MP: 23/23
 15040 | D:10     | Reached skill level 1 in Bows
 15194 | D:10     | Killed Joseph
 15387 | D:10     | Learned a level 4 spell: Summon Lightning Spire
 15525 | D:11     | Reached skill level 1 in Staves
 15637 | D:11     | Noticed a five-headed hydra
 15648 | D:11     | Killed a five-headed hydra
 16004 | D:11     | Learned a level 4 spell: Force Lance
 16350 | D:11     | Reached skill level 5 in Evocations
 16521 | D:12     | Found a staircase to the Orcish Mines.
 16545 | D:12     | Reached skill level 1 in Summonings
 16825 | D:12     | Noticed a two-headed ogre
 16828 | D:12     | Killed a two-headed ogre
 16924 | D:12     | Noticed a cyclops
 16925 | D:12     | Noticed a white ugly thing
 16934 | D:12     | Killed a white ugly thing
 16934 | D:12     | Reached skill level 5 in Bows
 16938 | D:12     | Killed a cyclops
 17365 | D:12     | Noticed a manticore
 17372 | D:12     | Killed a manticore
 17372 | D:12     | Reached skill level 5 in Staves
 17588 | D:12     | Noticed a two-headed ogre
 17594 | D:12     | Killed a two-headed ogre
 17895 | D:13     | Noticed Sonja
 18043 | Orc:1    | Entered Level 1 of the Orcish Mines
 18043 | Orc:1    | Found a roughly hewn altar of Beogh.
 18055 | D:12     | Reached XP level 12. HP: 90/94 MP: 22/25
 18312 | D:12     | Bought a +2 cloak of invisibility for 279 gold pieces
 18374 | Orc:1    | Found a roughly hewn altar of Beogh.
 18374 | Orc:1    | Noticed an orc high priest
 18518 | D:12     | Reached skill level 5 in Summonings
 18685 | Orc:1    | Killed an orc high priest
 18903 | Orc:1    | Noticed an orc warlord
 18915 | Orc:1    | Killed an orc warlord
 19296 | D:12     | Bought the +4 scale mail of an ossuary {rPois Regen+ Int-4 Slay+5} for 621 gold pieces
 19315 | Orc:2    | Entered Level 2 of the Orcish Mines
 19318 | Orc:2    | Noticed a stone giant
 19344 | Orc:2    | Noticed an orc warlord
 19390 | Orc:1    | Killed an orc warlord
 19649 | D:12     | Killed a stone giant
 19833 | Orc:2    | Found a roughly hewn altar of Beogh.
 19852 | Orc:2    | Found Owkauvun's Armour Shoppe.
 19868 | Orc:2    | Bought a +1 pair of gloves for 138 gold pieces
 19903 | Orc:2    | Found a roughly hewn altar of Beogh.
 19913 | Orc:2    | Noticed Asanbosam's ghost (journeyman DDFi)
 19935 | Orc:2    | Killed Asanbosam's ghost
 19935 | Orc:2    | Reached XP level 13. HP: 44/101 MP: 22/26
 20375 | Orc:2    | Reached skill level 10 in Spellcasting
 20426 | Orc:2    | Noticed an orc warlord
 20446 | Orc:2    | Killed an orc warlord
 20723 | Orc:2    | Noticed an ogre mage
 20725 | Orc:2    | Killed an ogre mage
 20979 | Orc:2    | Found Daudilep's Book Boutique.
 21003 | Orc:2    | Found Upeuc's Antique Armour Shop.
 21017 | Orc:2    | Bought a pair of scorched boots for 294 gold pieces
 21017 | Orc:2    | Bought a pair of crude gloves for 294 gold pieces
 21027 | Orc:2    | Identified the +2 pair of boots of Atheism {Str-5 Int+6} (You bought it in a shop on level 2 of the Orcish Mines)
 21040 | Orc:2    | Identified the cursed +0 pair of gloves of Subjectivity {*Slow rPois rN+} (You bought it in a shop on level 2 of the Orcish Mines)
 21088 | Orc:2    | Found an ancient bone altar of Kikubaaqudgha.
 21089 | Orc:2    | Noticed Nergalle
 21093 | Orc:2    | Killed Nergalle
 21124 | Orc:2    | Found a radiant altar of Vehumet.
 21127 | Orc:2    | Noticed Erolcha
 21135 | Orc:2    | Killed Erolcha
 21169 | Orc:2    | Found a roughly hewn altar of Beogh.
 21171 | Orc:2    | Found Xaickant's Gadget Shop.
 21189 | Orc:2    | Found Taselufa's Distillery.
 21223 | Orc:2    | Bought a potion of cancellation for 112 gold pieces
 21223 | Orc:2    | Bought a potion of berserk rage for 70 gold pieces
 21223 | Orc:2    | Bought a potion of curing for 42 gold pieces
 21223 | Orc:2    | Bought a potion of curing for 42 gold pieces
 21223 | Orc:2    | Bought a potion of curing for 42 gold pieces
 21223 | Orc:2    | Bought a potion of curing for 42 gold pieces
 21223 | Orc:2    | Bought a potion of brilliance for 56 gold pieces
 21372 | Orc:2    | Found a staircase to the Elven Halls.
 21391 | Orc:2    | Reached skill level 10 in Armour
 22222 | D:13     | Killed Sonja
 22346 | D:13     | Reached XP level 14. HP: 109/109 MP: 28/28
 22547 | D:13     | Found a gate to the Vaults.
 22639 | D:13     | Reached skill level 10 in Fighting
 23510 | D:15     | Entered Level 15 of the Dungeon
 24205 | D:15     | Noticed a fire giant
 24213 | D:15     | Slain by a fire giant

Vault maps used:
D:1:      dpeg_arrival_round_c
D:2:      st_stairs_9, uniq_robin
D:3:      lemuel_round_altar, first_bread, nrook_loot_triangle,
          kennysheep_generic_room_12
D:4:      grunt_qazlal_clouds, corexii_leaking_fountain
D:5:      lemuel_coloured_pillars_altar, hangedman_decor_points
D:6:      minitemple, grunt_ministairs_13, kennysheep_small_circle
D:7:      corexii_shantytown, vehumet_altar_wand_db, minmay_temple_entry_mist
D:8:      basic_altar, nrook_pool_corridor
D:9:      overflow_temple_1_default
D:10:     erik_lair_orcish_takeover, serial_shops, shop, minivault_12,
          uniq_joseph
D:12:     orc_0_dummy
D:13:     david_vaults_2, uniq_sonja
D:15:     grunt_enter_depths_giant_problem, hangedman_decor_push
Temple:   nicolae_temple_figure_zero
Orc:1:    basic_altar, kennysheep_orc_chapel
Orc:2:    kennysheep_orc_mage_school, serial_shops, shop,
          hangedman_feature_mirror, elf_legates

Skill      XL: |  1  2  3  4  5  6  7  8  9 10 11 12 13 14 |
---------------+-------------------------------------------+-----
Spellcasting   | 2 3 4 5 6 7 8 9 10 | 10.4
Dodging        | 2 3 4 5 6 7 8 9 |  9.1
Conjurations   | 1 2 3 4 5 |  5.4
Armour         | 2 3 4 5 7 8 9 10 | 10.3
Fighting       | 4 5 6 7 8 9 10 | 10.1
Long Blades    | 1 2 3 |  3.4
Polearms       | 1 3 5 7 |  7.3
Unarmed Combat | 2 3 |  3.0
Fire Magic     | 1 5 |  5.1
Slings         | 1 2 |  2.7
Translocations | 5 |  5.5
Short Blades   | 5 |  5.2
Air Magic      | 5 |  5.6
Poison Magic   | 6 |  6.0
Evocations     | 2 6 |  6.0
Bows           | 6 7 8 9 |  9.3
Staves         | 5 7 8 9 |  9.4
Summonings     | 4 6 |  6.4
Throwing       | |  1.7
Earth Magic    | |  6.2

Action                   |  1- 3 |  4- 6 |  7- 9 | 10-12 | 13-15 || total
-------------------------+-------+-------+-------+-------+-------++-------
Melee: Spear             |    94 |    25 |   208 |       |       ||   327
       Bite              |    11 |    25 |    44 |    41 |     5 ||   126
       Falchion          |    25 |   221 |       |       |       ||   246
       Punch             |       |       |     4 |     3 |       ||     7
       Dagger            |       |       |   244 |   204 |       ||   448
       Halberd           |       |       |     8 |    38 |       ||    46
       Quarterstaff      |       |       |       |    26 |    42 ||    68
 Fire: Hunting sling     |       |    12 |   131 |   143 |       ||   286
       Longbow           |       |       |       |   301 |   357 ||   658
Throw: Throwing net      |       |       |     1 |       |       ||     1
       Tomahawk          |       |       |       |     1 |       ||     1
 Cast: Magic Dart        |    12 |       |       |     5 |       ||    17
       Conjure Flame     |       |     2 |     2 |    17 |     3 ||    24
       Blink             |       |     1 |     1 |    28 |    10 ||    40
       Mephitic Cloud    |       |       |     2 |    31 |    12 ||    45
       Force Lance       |       |       |       |    16 |     5 ||    21
       Summon Lightning  |       |       |       |     2 |       ||     2
Invok: Call Merchant     |       |       |       |     2 |       ||     2
Evoke: Wand              |       |     1 |    12 |     7 |       ||    20
  Use: Potion            |     2 |     1 |     1 |       |     4 ||     8
       Scroll            |       |    12 |    10 |     8 |    10 ||    40
 Stab: Sleeping          |     1 |       |       |       |       ||     1
       Distracted        |     1 |       |       |       |       ||     1
       Paralysed         |       |       |       |     1 |       ||     1
  Eat: Chunk             |     3 |     9 |    19 |       |       ||    31
       Fruit             |       |     2 |     4 |    10 |       ||    16
       Royal jelly       |       |       |     2 |     2 |     1 ||     5
       Bread ration      |       |       |       |     2 |     3 ||     5
Armor: Robe              |     5 |       |       |       |       ||     5
       Leather armour    |    22 |    73 |    35 |       |       ||   130
       Ring mail         |       |       |    93 |   100 |       ||   193
       Scale mail        |       |       |       |    26 |    68 ||    94
Dodge: Dodged            |    75 |   170 |   349 |   259 |    74 ||   927
       Rpst.: Falchion   |     7 |    54 |       |       |       ||    61
